 Dungeon Crawl Stone Soup version 0.31-a0-826-ga5cc291a1b (webtiles) character file.

Game seed: 17968781042511860650

128 qw the Shooter (level 5, -2/32 HPs)
             Began as a Gargoyle Hunter on Sept 23, 2023.
             Slain by an orc priest
             ... wielding a +0 club
              (4 damage)
             ... on level 3 of the Dungeon.
             The game lasted 00:00:45 (2201 turns).

qw the Shooter (Gargoyle Hunter)                    Turns: 2201, Time: 00:00:45

Health: -2/32      AC:  7    Str: 14    XL:     5   Next: 11%
Magic:  5/5        EV: 11    Int: 10    God:
Gold:   91         SH:  0    Dex: 15    Spells: 4/4 levels left

rFire   . . .        Y - +0 shortbow
rCold   . . .        (shield currently unavailable)
rNeg    + . .        c - +0 leather armour
rPois   inf          (no helmet)
rElec   +            (no cloak)
rCorr   .            (no gloves)
SInv    .            (no boots)
Will    .....        (no amulet)
Stlth   ++           (no ring)
HPRegen 0.25/turn    (no ring)
MPRegen 0.09/turn

%: no passive effects
@: no status effects
A: sickness immunity, AC +4, negative energy resistance 1, electricity
resistance, torment resistance 1, petrification resistance
a: no special abilities


You were on level 3 of the Dungeon.
You visited 1 branch of the dungeon, and saw 3 of its levels.

You collected 91 gold pieces.


Innate Abilities, Weirdness & Mutations

You are immune to sickness and miasma.
Your stone body is resilient. (AC +4)
You are immune to poison.
You resist negative energy. (rN+)
You are resistant to electric shocks. (rElec)
You are resistant to unholy torment.
You are immune to petrification.


   Skills:
 - Level 3.0 Fighting
 + Level 5.9 Ranged Weapons
 - Level 1.5 Dodging
 - Level 1.1 Stealth


You had 4 spell levels left.
You didn't know any spells.
Your spell library was empty.

Inventory:

Hand Weapons
 Y - a +0 shortbow (weapon)
Armour
 c - a +0 leather armour (worn)
Scrolls
 e - 2 scrolls of identify {unknown}
Potions
 a - a potion of curing {unknown}
 d - a potion of lignification {unknown}
 f - a potion of mutation {unknown}
 g - a potion of ambrosia {unknown}
 h - a potion of experience {unknown}
 i - a potion of brilliance {unknown}

Dungeon Overview and Level Annotations

Branches:
Dungeon (3/15)

Altars:
Elyvilon

Shops:
D:2 [

Annotations:
D:3 2 transporters, qw's ghost, amateur GrHu


Message History

The goblin misses you.
You shoot an arrow. The arrow barely misses the goblin.
The orc barely misses you. The goblin barely misses you.
The orc hits you but does no damage.
An orc priest comes into view. It is wielding a +0 club.
You shoot an arrow. The orc priest shouts!
The arrow hits the goblin.
The goblin is moderately wounded.
The orc hits you with a +0 club. The goblin misses you.
The orc hits you but does no damage.
You shoot an arrow. The arrow hits the goblin.
You kill the goblin!
You hear a shout!
The orc hits you but does no damage. The orc closely misses you.
You shoot an arrow.
The arrow hits the orc but does no damage.
You hear the slow rusting of a distant drain.
The orc hits you but does no damage. The orc hits you with a +0 short sword.
The orc priest mumbles some strange prayers to Beogh against you.
Beogh smites you!
An orc comes into view. It is wielding a +0 club.
The orc hits you with a +0 club. The orc closely misses you.
The orc priest mumbles some strange prayers to Beogh against you.
Beogh smites you!
You shoot an arrow. The arrow hits the orc!
You kill the orc!
The orc hits you but does no damage.
You shoot an arrow. The arrow barely misses the orc.
The orc barely misses you. The orc hits you with a +0 club.
You shoot an arrow. The arrow closely misses the orc.
The arrow hits the orc priest.
The orc priest is lightly wounded.
The orc closely misses you.
An orc priest comes into view. It is wielding a +0 mace.
The orc closely misses you.
You shoot an arrow. The arrow hits the orc priest.
The orc priest is moderately wounded.
The orc hits you but does no damage. The orc priest hits you with a +0 club.
You die...

#.....# #.....
#.....# #.....
#.....######.....
#........##......
#........##...###
+........%...##g.
#[.......##..#8..
#.###.....#####..#J..
#..o@###### #..#...
####oo# ..^#... .o...
#...#... ......'.
#...#... .......##..
#...#8.. .!......# #
..##.. .........#
...### #.........#
...... ......


You could see 2 orc priests and 2 orcs.

Vanquished Creatures
  Natasha (D:3)
  2 adders (D:2)
  3 worms
  4 dart slugs
  An orc (D:3)
  2 ball pythons (D:1)
  9 bats
  3 endoplasms
  3 giant cockroaches
  5 goblins
  5 hobgoblins
  6 jackals (D:1)
  3 quokkas
  3 frilled lizards
  7 kobolds
  7 rats
64 creatures vanquished.

Notes
Turn   | Place    | Note
-------+----------+-------------------------------------------
     0 | D:1      | qw the Gargoyle Hunter began the quest for the Orb.
     0 | D:1      | Reached XP level 1. HP: 12/12 MP: 1/1
     0 | D:1      | 0 ||| qw: Version: 0.3-a-83-gcd0e7d8
     0 | D:1      | 0 ||| qw: Game counter: 1832
     0 | D:1      | 0 ||| qw: Melee chars always use a shield: true
     0 | D:1      | 0 ||| qw: God list: Okawaru
     0 | D:1      | 0 ||| qw: Allow faded altars: false
     0 | D:1      | 0 ||| qw: Do Orc after clearing Dungeon:15 true
     0 | D:1      | 0 ||| qw: Do second Lair branch before Depths: true
     0 | D:1      | 0 ||| qw: Lair rune preference: random
     0 | D:1      | 0 ||| qw: Goals: Normal
     0 | D:1      | 0 ||| PLANNING D:1-11
   118 | D:1      | Reached XP level 2. HP: 17/17 MP: 2/2
   513 | D:1      | Reached XP level 3. HP: 21/21 MP: 3/3
   588 | D:1      | Reached skill level 5 in Ranged Weapons
   916 | D:1      | 916 ||| READING scroll labelled NEAQOH ESYHA.
   917 | D:1      | 917 ||| READING scroll labelled IPORESMISIH.
  1018 | D:1      | 1018 ||| READING scroll labelled ZILAGI YNYDD.
  1019 | D:1      | 1019 ||| DROPPING scroll of butterflies.
  1051 | D:2      | Reached skill level 3 in Fighting
  1099 | D:2      | Reached XP level 4. HP: 26/28 MP: 4/4
  1160 | D:2      | Found a faded altar of an unknown god.
  1220 | D:2      | Found Dytt's Armour Emporium.
  1230 | D:2      | 1230 ||| SHOPLISTING +0 ring mail (56 gold, have 10).
  1230 | D:2      | 1230 ||| SHOPLISTING +1 cloak of poison resistance (189
                  | gold, have 10).
  1230 | D:2      | 1230 ||| SHOPLISTING +1 robe of resistance (457 gold, have
                  | 10).
  1671 | D:2      | Found a white marble altar of Elyvilon.
  1916 | D:2      | 1916 ||| READING scroll labelled KIH VACHIESHRIGG.
  1917 | D:2      | 1917 ||| READING scroll labelled YGIEGU LUXOOHE.
  1918 | D:2      | 1918 ||| DRINKING 2 silvery potions.
  1958 | D:3      | 1958 ||| PLANNING SEWER
  2017 | D:3      | Found a transporter.
  2017 | D:3      | Noticed qw's ghost (amateur GrHu)
  2141 | D:3      | Found a transporter.
  2151 | D:3      | Noticed Natasha
  2159 | D:3      | HP: 6/28 [Natasha (6)]
  2160 | D:3      | 2160 ||| DRINKING potion of heal wounds.
  2167 | D:3      | Killed Natasha
  2168 | D:3      | Reached XP level 5. HP: 27/32 MP: 5/5
  2197 | D:3      | HP: 2/32 [orc priest/divine providence (14)]
  2201 | D:3      | Slain by an orc priest

Levels and vault maps discovered:
D:1:      ncdulo_wetmaze, layout_loops_corners
D:2:      layout_loops_corners, serial_shops, nicolae_shop_advertising_works
          [nicolae_subvault_shop_adworks], basic_altar,
          chequers_ecumenical_altar_grove, minmay_surrounded
D:3:      layout_basic, portal_sewer_entry_b, gammafunk_ghost_arena,
          uniq_natasha

Skill      XL: |  1  2  3 |
---------------+----------+-----
Ranged Weapons | 5 |  5.9
Fighting       | 3 |  3.0
Dodging        | |  1.5
Stealth        | |  1.1

Action                     |  1- 3 |  4- 6 || total
---------------------------+-------+-------++-------
   Fire: Shortbow          |   109 |    73 ||   182
    Use: Scroll            |     3 |     2 ||     5
         Potion            |       |     2 ||     2
 Armour: Leather armour    |    30 |    31 ||    61
  Dodge: Dodged            |    37 |    23 ||    60

Table legend:
 A = Non-vault XP
 B = Vault XP
 C = Vault XP percentage of total XP
 D = Non-vault monster count
 E = Vault monster count
 F = Vault count percentage of total count
                 A         B        C        D         E       F
            +---------+---------+-------+---------+---------+-------
      Total |     116 |      67 |  36.6 |      57 |       7 |  10.9
            +---------+---------+-------+---------+---------+-------
        D:1 |      68 |       0 |   0.0 |      35 |       0 |   0.0
        D:2 |      34 |      32 |  48.5 |      16 |       6 |  27.3
        D:3 |      14 |      35 |  71.4 |       6 |       1 |  14.3
            +---------+---------+-------+---------+---------+-------
